AoeStats
← EtBdsTROLL

Arabia

504964848Analyzed
1v1 RM · 24d ago on Sep 7, 2026· 29m 33s· 2 players
Game mode
Random Map
Map size
Tiny (2 player)
Population
200
Speed
Normal
Resources
Standard
Victory
Conquest
Starting age
Dark Age
Ending age
Imperial Age
RankedLock teamsTeams togetherTeam positionsShared explorationLock speedFull tech treeHidden civsTurbo modeCheats
Victory
Defeat
🇫🇷 Franks · France
1257
+15
🇨🇭 Tatars · Switzerland
1244
-15
Blue Cheese
10:00 Loom
13:48 Feudal Age
14:16 Double-Bit Axe
14:11 Horse Collar
20:09 Castle Age
18:58 Gold Mining
19:17 Fletching
19:28 Padded Archer Armor
20:21 Crossbowman
21:24 Bodkin Arrow
EtBdsTROLL
6:19 Loom
6:45 Loom
9:13 Feudal Age
20:03 Wheelbarrow
21:30 Castle Age
19:45 Scale Barding Armor
20:10 Double-Bit Axe
20:46 Gold Mining
22:41 Chain Barding Armor
24:03 Forging
26:23 Bow Saw
30:46 Iron Casting
Connection lost

Rejoining the realm…

Still unreachable

The connection could not be restored.

Session expired

The server has moved on; the page needs a fresh start.